[Event "Titled Tuesday Blitz March 29 Late 2022"]
[White "Estrada Nieto, Julian"]
[Black "Moskalenko, Alexander"]
[WhiteFideId "5101018"]
[BlackFideId "4155351"]
[WhiteElo "2246"]
[BlackElo "2475"]
[Result "0-1"]
[Round "02"]
[TimeControl "180+1"]
[Date "2022.03.30"]
[WhiteClock "0:00:01"]
[BlackClock "0:00:38"]

1. e4 c5 2. Nf3 Nc6 3. Bb5 e6 4. O-O Nge7 5. Re1 a6 6. Bxc6 Nxc6 7. d4 cxd4 8. Nxd4 Bc5 9. Be3 Bb4 10. c3 Be7 11. Nd2 d6 12. Nxc6 bxc6 13. Nc4 O-O 14. Qa4 d5 15. Ne5 Bd6 16. Qxc6 Rb8 17. Nd3 Bb7 18. Qa4 dxe4 19. Nc5 Qc7 20. Nxb7 Rxb7 21. Qxe4 Bxh2+ 22. Kh1 Rxb2 23. Rad1 Be5 24. c4 Rxa2 25. c5 Bf6 26. Qc4 Ra5 27. c6 Rc8 28. Rc1 h6 29. Red1 Rh5+ 30. Kg1 Qh2+ 31. Kf1 Qh1+ 32. Ke2 Qxg2 33. c7 Rd5 34. Qxa6 Qg4+ 35. Ke1 Rxd1+ 36. Rxd1 Rxc7 37. Qa8+ Kh7 38. Qa2 Qf5 39. Qe2 Rc2 40. Qd3 Qxd3 41. Rxd3 h5 42. Rd7 Kg6 43. Kf1 Rc4 44. Kg2 h4 45. Kh3 Rc8 46. Rd3 Rc7 47. Kg4 Rc4+ 48. Kh3 Kf5 49. Rd7 g5 50. Rxf7 g4+ 51. Kg2 Kg6 52. Rf8 Be5 53. Rg8+ Kf7 0-1


[Site "https://www.chess.com"]

[Event "Titled Tuesday Blitz March 29 Late 2022"]
[White "Ezat, Mohamed"]
[Black "Babazada, Khazar"]
[WhiteFideId "10600906"]
[BlackFideId "13413554"]
[WhiteElo "2386"]
[BlackElo "2418"]
[Result "0-1"]
[Round "02"]
[TimeControl "180+1"]
[Date "2022.03.29"]
[WhiteClock "0:00:09"]
[BlackClock "0:00:12"]

1. d4 g6 2. c4 Bg7 3. e4 d6 4. Nc3 Nf6 5. Be2 O-O 6. Bg5 Na6 7. Qd2 c6 8. Nf3 Bg4 9. O-O Qc7 10. h3 Bxf3 11. Bxf3 e5 12. d5 cxd5 13. Nxd5 Nxd5 14. cxd5 Qd7 15. b4 Nc7 16. a4 Rac8 17. Be3 a6 18. Rfc1 f5 19. Bb6 Ne8 20. Rxc8 Qxc8 21. b5 axb5 22. axb5 Nf6 23. Qb4 Qd7 24. Rc1 Ne8 25. Be2 Qf7 26. Rc8 fxe4 27. Qxe4 Nf6 28. Qc2 Nd7 29. Be3 Nc5 30. Rxf8+ Bxf8 31. Bxc5 dxc5 32. d6 Qd7 33. Bc4+ Kg7 34. Qe4 Bxd6 35. Qd5 Qe7 36. g3 e4 37. Kg2 b6 38. h4 Qe5 39. Qf7+ Kh6 40. Qb7 e3 41. Bg8 Bc7 42. f4 Qb2+ 43. Kh3 Qg7 44. Bc4 Qd7+ 45. Kg2 Qd2+ 46. Kh3 Qd7+ 47. g4 e2 48. Bxe2 Qe7 49. Bf3 Qd6 50. g5+ Kg7 51. Qe4 Qxf4 52. Qe7+ Qf7 53. Qe4 Qd7+ 54. Bg4 Qd6 55. Kg2 Qg3+ 56. Kf1 Qd6 57. Kg2 Qg3+ 58. Kf1 Qh2 59. h5 Qf4+ 60. Qxf4 Bxf4 61. hxg6 hxg6 62. Bd7 Bxg5 63. Be6 Kf6 64. Bc4 Bf4 65. Ke2 Bd6 66. Kd3 Ke5 67. Ke3 g5 68. Kf3 Kd4 69. Bf1 c4 70. Ke2 g4 71. Kd2 g3 72. Kc2 Kc5 73. Kc3 Be5+ 74. Kc2 Kxb5 75. Bg2 Kc5 76. Kd2 b5 77. Kc2 b4 78. Kd2 b3 79. Kc1 Kb4 80. Kb1 c3 81. Kc1 Bf4+ 82. Kb1 c2+ 83. Kb2 c1=Q# 0-1


[Site "https://www.chess.com"]

[Event "Titled Tuesday Blitz March 29 Late 2022"]
[White "Federzoni, Enzo"]
[Black "Rorrer, Grayson"]
[WhiteFideId "2173301"]
[BlackFideId "30944996"]
[WhiteElo "1956"]
[BlackElo "2122"]
[Result "1-0"]
[Round "02"]
[TimeControl "180+1"]
[Date "2022.03.30"]
[WhiteClock "0:02:38"]
[BlackClock "0:02:30"]

1. c4 e5 2. g3 c6 3. Nf3 e4 4. Nd4 d5 5. cxd5 Qxd5 6. e3 Bc5 7. Nc3 Qe5 8. f4 exf3 9. Nxf3 Qe7 10. Bg2 Nf6 11. O-O O-O 12. d4 Bb6 13. Ne5 Nbd7 14. Nc4 Rd8 15. Qf3 h6 16. b3 Nf8 17. Ba3 Bc7 1-0


[Site "https://www.chess.com"]

[Event "Titled Tuesday Blitz March 29 Late 2022"]
[White "Fernandez, Daniel Howard"]
[Black "Romanchuk, Viktor"]
[WhiteFideId "5801605"]
[BlackFideId "14109271"]
[WhiteElo "2466"]
[BlackElo "2242"]
[Result "1-0"]
[Round "02"]
[TimeControl "180+1"]
[Date "2022.03.29"]
[WhiteClock "0:00:39"]
[BlackClock "0:00:12"]

1. e4 e6 2. d4 d5 3. Nc3 dxe4 4. Nxe4 Nd7 5. Nf3 Ngf6 6. Nxf6+ Nxf6 7. c3 c5 8. Be3 Qc7 9. Ne5 a6 10. Qa4+ Nd7 11. O-O-O cxd4 12. Nxd7 Bxd7 13. Qxd4 Bc6 14. Bc4 Bxg2 15. Rhe1 Rd8 16. Qg4 Rxd1+ 17. Rxd1 Bc6 18. Bf4 Qc8 19. Bg5 Bd7 20. Bb3 h5 21. Qg3 g6 22. Bf6 Bh6+ 23. Kb1 O-O 24. Bc2 Kh7 25. Qe5 Bc6 26. Qxh5 Rh8 27. Rg1 Rg8 28. Rg3 Qf8 29. Rh3 Bg2 30. Rh4 e5 31. Bg5 e4 32. Qxh6+ Qxh6 33. Bxh6 g5 34. Bxg5+ Kg6 35. Be3 1-0


[Site "https://www.chess.com"]

[Event "Titled Tuesday Blitz March 29 Late 2022"]
[White "Fernandez Siles, Luis"]
[Black "Jary, Sergey"]
[WhiteFideId "2209420"]
[BlackFideId "14110350"]
[WhiteElo "2212"]
[BlackElo "2260"]
[Result "0-1"]
[Round "02"]
[TimeControl "180+1"]
[Date "2022.03.30"]
[WhiteClock "0:01:08"]
[BlackClock "0:02:13"]

1. e4 c5 2. c3 Nf6 3. e5 Nd5 4. d4 cxd4 5. Nf3 Nc6 6. cxd4 d6 7. Bc4 Nb6 8. Bb5 dxe5 9. Nxe5 Bd7 10. Nxd7 Qxd7 11. O-O e6 12. Nc3 Be7 13. Qg4 O-O 14. Rd1 Nd5 15. Bh6 Bf6 16. Ne4 Qe7 17. Bxc6 bxc6 18. Rac1 Rfc8 19. Rd3 Kh8 20. Bg5 Rab8 21. b3 Bxg5 22. Nxg5 h6 23. Ne4 f5 0-1


[Site "https://www.chess.com"]

[Event "Titled Tuesday Blitz March 29 Late 2022"]
[White "Galego, Luis"]
[Black "Svane, Rasmus"]
[WhiteFideId "1900072"]
[BlackFideId "4657101"]
[WhiteElo "2516"]
[BlackElo "2645"]
[Result "0-1"]
[Round "02"]
[TimeControl "180+1"]
[Date "2022.03.30"]
[WhiteClock "0:00:03"]
[BlackClock "0:00:17"]

1. e4 c6 2. d4 d5 3. e5 Bf5 4. Be3 e6 5. c4 Ne7 6. Nc3 Nd7 7. Nf3 dxc4 8. Bxc4 Nb6 9. Be2 Ned5 10. O-O Be7 11. h3 O-O 12. Qd2 Qd7 13. Rac1 Rfd8 14. Rfd1 Rac8 15. Bg5 h6 16. Bxe7 Qxe7 17. Bd3 Bxd3 18. Qxd3 Nxc3 19. bxc3 c5 20. Nd2 cxd4 21. cxd4 Qb4 22. Rxc8 Rxc8 23. Ne4 Nd5 24. Nd6 Rc3 25. Qe2 Rc7 26. Qd3 Nc3 27. Rd2 Nd5 28. Rd1 b6 29. Kh2 Qb2 30. Rd2 Qc1 31. g3 Qe1 32. Re2 Qf1 33. Qf3 Qd1 34. h4 Qxd4 35. Re4 Qc3 36. Qh5 Qd3 37. Rg4 Kf8 38. Kg2 Ne3+ 39. fxe3 Rc2+ 40. Kf3 Qd1+ 41. Kf4 Rf2+ 42. Ke4 Qd5# 0-1


[Site "https://www.chess.com"]

[Event "Titled Tuesday Blitz March 29 Late 2022"]
[White "Gatterer, Florian"]
[Black "Fishbein, Alexander"]
[WhiteFideId "811688"]
[BlackFideId "2000377"]
[WhiteElo "2218"]
[BlackElo "2442"]
[Result "0-1"]
[Round "02"]
[TimeControl "180+1"]
[Date "2022.03.30"]
[WhiteClock "0:00:10"]
[BlackClock "0:01:03"]

1. d4 Nf6 2. Nf3 g6 3. g3 Bg7 4. Bg2 O-O 5. O-O d6 6. a4 a5 7. Re1 Nc6 8. e4 Bg4 9. h3 Bxf3 10. Bxf3 e5 11. c3 Nd7 12. dxe5 Ncxe5 13. Bg2 Nc5 14. Be3 b6 15. Na3 Re8 16. Nb5 Nc4 17. Bxc5 bxc5 18. b3 Ne5 19. Na3 Rb8 20. Qc2 Qf6 21. f4 Nd7 22. Rac1 g5 23. Rf1 gxf4 24. gxf4 Kh8 25. Nc4 Rg8 26. Ne3 Bh6 27. Nf5 Nf8 28. Kh1 Ne6 29. Nxh6 Qxh6 30. f5 Nf4 31. Rg1 Nxh3 0-1


[Site "https://www.chess.com"]

[Event "Titled Tuesday Blitz March 29 Late 2022"]
[White "Gauri, Shankar"]
[Black "Vargas, Gabriela"]
[WhiteFideId "5041350"]
[BlackFideId "3700860"]
[WhiteElo "2240"]
[BlackElo "2071"]
[Result "1-0"]
[Round "02"]
[TimeControl "180+1"]
[Date "2022.03.30"]
[WhiteClock "0:00:08"]
[BlackClock "0:00:17"]

1. Nf3 d5 2. c4 c6 3. g3 Nf6 4. Bg2 e6 5. O-O Bd6 6. b3 O-O 7. Bb2 Nbd7 8. d4 a5 9. Nc3 Re8 10. Qc2 Qe7 11. e4 dxe4 12. Nxe4 Nxe4 13. Qxe4 Ba3 14. Bxa3 Qxa3 15. h4 h6 16. g4 Nf6 17. Qf4 Qe7 18. Rfe1 a4 19. Ne5 axb3 20. axb3 Bd7 21. Rxa8 Rxa8 22. g5 hxg5 23. hxg5 Nh7 24. g6 fxg6 25. Nxd7 Qxd7 26. Bh3 Nf8 27. Qe5 Re8 28. d5 cxd5 29. cxd5 Qb5 30. dxe6 Qxe5 31. Rxe5 Re7 32. f4 Nh7 33. Rd5 Kf8 34. Kf2 Rc7 35. Ke3 Ke7 36. Kd4 Nf6 37. Rg5 Rc1 38. Rxg6 Rd1+ 39. Kc4 Kf8 40. f5 Rh1 41. Rg3 Ne4 42. Rd3 Rc1+ 43. Kb4 Nc5 44. Rd8+ Ke7 45. Rg8 Nd3+ 46. Ka5 Rc5+ 47. Kb6 Re5 48. Rxg7+ Kf6 49. Rf7+ Kg5 50. Kxb7 Nc5+ 51. Kc6 Nd3 52. Kd6 Rb5 53. e7 Rb6+ 54. Kc7 Rxb3 55. e8=Q Rc3+ 56. Kb7 Nc5+ 57. Kb6 1-0


[Site "https://www.chess.com"]

[Event "Titled Tuesday Blitz March 29 Late 2022"]
[White "Gracia Alvarez, Gerardo Antonio"]
[Black "Manolache, Marius"]
[WhiteFideId "5109124"]
[BlackFideId "1201530"]
[WhiteElo "2139"]
[BlackElo "2389"]
[Result "1-0"]
[Round "02"]
[TimeControl "180+1"]
[Date "2022.03.30"]
[WhiteClock "0:00:09"]
[BlackClock "0:00:09"]

1. e4 c5 2. Nc3 a6 3. g3 Nc6 4. Bg2 g6 5. d3 Bg7 6. Be3 Nd4 7. Qd2 Qa5 8. Nge2 d6 9. h3 h5 10. Nc1 e6 11. f4 Ne7 12. O-O Qc7 13. Nd1 e5 14. c3 Ndc6 15. Ne2 Be6 16. Nf2 Rc8 17. fxe5 Nxe5 18. Kh1 O-O 19. Nf4 Bd7 20. b3 b6 21. Rac1 Qb8 22. d4 N5c6 23. Nd5 Nxd5 24. exd5 cxd4 25. cxd4 Ne7 26. Ne4 Nf5 27. g4 hxg4 28. hxg4 Nxe3 29. Qxe3 Bxg4 30. Qf4 Bd7 31. Nf6+ Bxf6 32. Qxf6 Rxc1 33. Rxc1 Qd8 34. Qxd8 Rxd8 35. Rc7 Kg7 36. a4 b5 37. a5 Bf5 38. Kg1 Kf6 39. Rc6 Ra8 40. Rxd6+ Kg5 41. Rb6 Ra7 42. d6 b4 43. Bb7 Bd3 44. d7 Kf4 45. d8=Q Ke3 46. Qg5+ Kxd4 47. Rd6+ Kc3 48. Qc5+ Kxb3 49. Rxd3+ Ka4 50. Qxa7 f5 51. Qxa6 1-0


[Site "https://www.chess.com"]

[Event "Titled Tuesday Blitz March 29 Late 2022"]
[White "Gulecyuz, Deniz"]
[Black "Lin, Dachey"]
[WhiteFideId "30921341"]
[BlackFideId "2029650"]
[WhiteElo "1923"]
[BlackElo "2313"]
[Result "0-1"]
[Round "02"]
[TimeControl "180+1"]
[Date "2022.03.30"]
[WhiteClock "0:00:03"]
[BlackClock "0:00:15"]

1. e4 g6 2. d4 Bg7 3. Nf3 c6 4. c4 d5 5. cxd5 cxd5 6. e5 Nc6 7. Nc3 Bg4 8. Be3 e6 9. h3 Bxf3 10. Qxf3 Nge7 11. Bd3 O-O 12. O-O Qb6 13. Rfd1 Qxb2 14. Nb5 Qb4 15. Bd2 Qa4 16. Bc3 a6 17. Nd6 Nxd4 18. Bxd4 Qxd4 19. Bxg6 Qxe5 20. Bxf7+ Kh8 21. Qa3 Qc3 22. Qxc3 Bxc3 23. Bxe6 Bxa1 24. Rxa1 Rf6 25. Re1 b5 26. g3 Kg7 27. f4 Rb8 28. f5 h5 29. g4 hxg4 30. hxg4 Rff8 31. g5 Rb6 32. f6+ Rxf6 33. gxf6+ Kxf6 34. Ne8+ Kg5 35. Bf7 Rb7 36. Nd6 Rd7 37. Ne8 d4 38. Be6 Rb7 39. Nd6 Rb6 40. Ne4+ Kf4 41. Bb3 Nf5 42. Nd2 Rg6+ 43. Kf2 Ne3 44. Ke2 Nf5 45. Kd3 Rg3+ 46. Kc2 Rc3+ 47. Kb2 b4 48. Re4+ Kg5 49. Nc4 Rh3 50. Ne5 Rh2+ 51. Kc1 Rg2 52. Nd3 Rg1+ 53. Kd2 Rg2+ 54. Ke1 a5 55. Nc5 Ne3 56. Ne6+ Kf5 57. Rxd4 Ke5 58. Rd5+ Nxd5 59. Bxd5 Rg1+ 60. Kf2 Rg6 61. Nc7 Kd6 62. Be4 Rf6+ 63. Ke3 Kxc7 64. Kd4 Kb6 65. Bd5 Rf2 66. Bb3 Rh2 67. Kc4 Rh4+ 68. Kd5 Kb5 69. Kd6 a4 70. Be6 b3 71. axb3 a3 72. b4 Kxb4 73. Kd5 Rh2 74. Ke5 a2 75. Bxa2 Rxa2 0-1


[Site "https://www.chess.com"]

[Event "Titled Tuesday Blitz March 29 Late 2022"]
[White "Gurevich, Dmitry"]
[Black "Rustemov, Alexander"]
[WhiteFideId "2000407"]
[BlackFideId "4119002"]
[WhiteElo "2506"]
[BlackElo "2762"]
[Result "0-1"]
[Round "02"]
[TimeControl "180+1"]
[Date "2022.03.29"]
[WhiteClock "0:00:32"]
[BlackClock "0:01:20"]

1. d4 d5 2. c4 dxc4 3. e3 Nf6 4. Bxc4 a6 5. a4 e6 6. Nf3 b6 7. O-O Bb7 8. Nc3 Bb4 9. Qe2 O-O 10. Rd1 Nbd7 11. Bd2 Qe7 12. Be1 Rfd8 13. Bb3 c5 14. Rac1 Rac8 15. Bc4 Ra8 16. Na2 Bxe1 17. Rxe1 Bxf3 18. Qxf3 cxd4 19. exd4 Qd6 20. Rcd1 Nf8 21. Nc3 Ng6 22. Ne4 Nxe4 23. Qxe4 Ne7 24. b3 a5 25. g3 g6 26. Kg2 Ra7 27. f3 Rad7 28. Bb5 Rc7 29. Bc4 Nd5 30. Kf2 Nc3 31. Qe3 Nxd1+ 32. Rxd1 Kg7 33. f4 Rcd7 34. h4 h5 35. Rd2 Qe7 36. Bb5 Rd6 37. Qe4 Qf6 38. Ke3 Qf5 39. Qxf5 gxf5 40. Bc4 Kf6 41. Rd3 Rg8 42. Kf3 Rdd8 43. Rd2 Rg7 44. Rd1 Rdg8 45. Rg1 Ke7 46. Rg2 Kd6 47. Rg1 Rg4 48. Rg2 R8g7 49. Kf2 f6 50. Kf3 e5 51. dxe5+ fxe5 52. Rd2+ Ke7 53. fxe5 Rxg3+ 54. Kf4 R7g4+ 55. Kxf5 Rf3# 0-1


[Site "https://www.chess.com"]

[Event "Titled Tuesday Blitz March 29 Late 2022"]
[White "Hambleton, Aman"]
[Black "Vovk, Orest"]
[WhiteFideId "2606577"]
[BlackFideId "14113490"]
[WhiteElo "2552"]
[BlackElo "2203"]
[Result "1-0"]
[Round "02"]
[TimeControl "180+1"]
[Date "2022.03.30"]
[WhiteClock "0:00:05"]
[BlackClock "0:00:08"]

1. d4 h6 2. c4 g5 3. e4 Bg7 4. Nc3 c5 5. d5 Bxc3+ 6. bxc3 d6 7. f3 Qa5 8. Bd2 f5 9. h4 g4 10. fxg4 fxe4 11. Nh3 Nf6 12. g5 hxg5 13. hxg5 Ng4 14. Be2 Ne5 15. Bh5+ Kd8 16. O-O e3 17. Bxe3 Qxc3 18. Qe2 Bxh3 19. gxh3 Rxh5 20. Rac1 Qd3 21. Qxh5 Qxe3+ 22. Kg2 Nbd7 23. Qh8+ Kc7 24. Qxa8 Qxg5+ 25. Kh1 Qh4 26. Rc3 Qe4+ 27. Kh2 Qe2+ 28. Kg1 Qd2 29. Rb3 Qd4+ 30. Kh2 Qd2+ 31. Kh1 Nb6 32. Qe8 Qg5 33. Qf8 Nbxc4 34. Qf4 Qh5 35. Qf5 Qh4 36. Qf4 Qh5 37. Kg2 Qe2+ 38. Rf2 Qd1 39. h4 Qxd5+ 40. Kh2 Qg8 41. Rg3 Qh7 42. Qg5 Nb6 43. h5 Nbd7 44. h6 Qb1 45. Qg7 Qe1 46. Kg2 Qe4+ 47. Kh2 Qb1 48. h7 Qe1 49. Rfg2 Qe4 50. h8=Q Qf4 51. Qxe7 Nf3+ 52. Kh1 Qc1+ 53. Rg1 Nxg1 54. Rxg1 Qd2 55. Rg2 Qd5 56. Qhg7 Qd1+ 57. Kh2 Qa4 58. Rf2 Qc6 59. Rf7 Kb6 60. Qxd7 Qd5 61. Qxb7+ 1-0


[Site "https://www.chess.com"]

[Event "Titled Tuesday Blitz March 29 Late 2022"]
[White "Hardaway, Brewington"]
[Black "Dubov, Daniil"]
[WhiteFideId "30941849"]
[BlackFideId "24126055"]
[WhiteElo "1768"]
[BlackElo "2791"]
[Result "0-1"]
[Round "02"]
[TimeControl "180+1"]
[Date "2022.03.29"]
[WhiteClock "0:00:03"]
[BlackClock "0:00:15"]

1. Nf3 d5 2. c4 d4 3. e3 Nc6 4. a3 e5 5. d3 a5 6. g3 Nf6 7. Bg2 dxe3 8. Bxe3 Ng4 9. O-O Bf5 10. d4 exd4 11. Nxd4 Nxe3 12. fxe3 Nxd4 13. exd4 Bxb1 14. Rxb1 c6 15. d5 Be7 16. dxc6 Qb6+ 17. Kh1 bxc6 18. Qf3 O-O 19. Qxc6 Rab8 20. Qxb6 Rxb6 21. Bd5 g6 22. Kg2 Kg7 23. Rf3 f5 24. b4 axb4 25. axb4 Rxb4 26. Rxb4 Bxb4 27. Rb3 Bc5 28. Rb7+ Kh6 29. Rb5 Rc8 30. Be6 Rc7 31. Bd5 Kg5 32. h4+ Kf6 33. Rb7 Rc8 34. Rxh7 Rb8 35. Rb7 Re8 36. Rf7+ Ke5 37. Kf3 Bd6 38. Rb7 Kd4 39. Rb3 Re1 40. Kf2 Rc1 41. Rb2 Bc5 42. Rb5 Bd6 43. Rb2 Rc3 44. Rd2+ Kc5 45. Re2 Bxg3+ 46. Kg2 Bxh4 47. Re6 g5 48. Re5 f4 49. Be6+ Kd4 50. Rd5+ Ke4 51. Bf5+ Ke3 52. Bg4 f3+ 53. Kh3 f2 54. Kg2 Rc1 55. Rf5 Rg1+ 0-1


[Site "https://www.chess.com"]

[Event "Titled Tuesday Blitz March 29 Late 2022"]
[White "Harish, Neeraj"]
[Black "Storey, Charles H"]
[WhiteFideId "30958130"]
[BlackFideId "406686"]
[WhiteElo "1574"]
[BlackElo "2263"]
[Result "0-1"]
[Round "02"]
[TimeControl "180+1"]
[Date "2022.03.30"]
[WhiteClock "0:00:07"]
[BlackClock "0:01:01"]

1. e4 g6 2. d4 Bg7 3. Nc3 c5 4. dxc5 Bxc3+ 5. bxc3 Nf6 6. e5 Ne4 7. Qd4 Qa5 8. Ne2 Nxc5 9. Be3 Ne6 10. Qd2 Qxe5 11. Nd4 Nc6 12. Bc4 O-O 13. O-O Qh5 14. Rab1 Ncxd4 15. cxd4 d5 16. Rb5 Rd8 17. Qa5 b6 18. Qb4 Ba6 0-1


[Site "https://www.chess.com"]

[Event "Titled Tuesday Blitz March 29 Late 2022"]
[White "Hess, Robert"]
[Black "Miszler, Levente"]
[WhiteFideId "2022036"]
[BlackFideId "763276"]
[WhiteElo "2557"]
[BlackElo "1966"]
[Result "1-0"]
[Round "02"]
[TimeControl "180+1"]
[Date "2022.03.30"]
[WhiteClock "0:00:35"]
[BlackClock "0:00:07"]

1. b3 a5 2. c4 a4 3. bxa4 d6 4. Nc3 e5 5. g3 Bd7 6. Bg2 Bc6 7. Nf3 f5 8. O-O Nf6 9. d4 e4 10. Ng5 Qd7 11. Nb5 h6 12. Ne6 Bxb5 13. Nxf8 Rxf8 14. axb5 d5 15. Qb3 dxc4 16. Qxc4 Nd5 17. a4 Nb6 18. Qc2 Qxd4 19. Bb2 Qc4 20. Qxc4 Nxc4 21. Bxg7 Rf7 22. Bxh6 Nd7 23. Rfc1 Ndb6 24. f3 Nd6 25. a5 Nbc4 26. fxe4 fxe4 27. a6 b6 28. Ra4 Na5 29. Bxe4 Nxe4 30. Rxe4+ Kd8 31. Bg5+ 1-0


[Site "https://www.chess.com"]

[Event "Titled Tuesday Blitz March 29 Late 2022"]
[White "Hjartarson, Johann"]
[Black "Fedoseev, Vladimir"]
[WhiteFideId "2300044"]
[BlackFideId "24130737"]
[WhiteElo "2450"]
[BlackElo "2726"]
[Result "1-0"]
[Round "02"]
[TimeControl "180+1"]
[Date "2022.03.29"]
[WhiteClock "0:00:09"]
[BlackClock "0:00:01"]

1. e4 c5 2. Nf3 Nc6 3. Nc3 e5 4. Bc4 d6 5. d3 Be7 6. a4 Nf6 7. h3 O-O 8. O-O Na5 9. Ba2 Be6 10. Bg5 Bxa2 11. Rxa2 Ne8 12. Bxe7 Qxe7 13. Nd5 Qd8 14. c3 Nc6 15. b4 cxb4 16. cxb4 Nf6 17. Nxf6+ Qxf6 18. Qb3 Nd8 19. Qd5 Qe7 20. Rc1 Ne6 21. g3 h6 22. Rac2 Kh7 23. d4 f6 24. h4 Rad8 25. Kg2 Qd7 26. b5 b6 27. Rc3 Rfe8 28. dxe5 fxe5 29. Ng1 Nc5 30. f3 Qe7 31. Nh3 Rd7 32. Rc4 Rf8 33. R1c3 Ne6 34. Rc8 Rdd8 35. Rxd8 Rxd8 36. Nf2 Rf8 37. Ng4 Nd4 38. Rd3 h5 39. Nf2 Qf6 40. f4 Rc8 41. Nh3 Rc2+ 42. Kf1 Rc1+ 43. Kf2 Rc2+ 44. Kf1 Ne6 45. Qxe6 Qxe6 46. Ng5+ Kg6 47. Nxe6 Kf6 48. Ng5 Ke7 49. fxe5 dxe5 50. Rd5 Rc4 51. Rxe5+ Kd7 52. Rd5+ Ke7 53. e5 Rxa4 54. e6 a6 55. Rd7+ Ke8 56. Rxg7 axb5 57. Nh7 Kd8 58. e7+ 1-0


[Site "https://www.chess.com"]

[Event "Titled Tuesday Blitz March 29 Late 2022"]
[White "Hnydiuk, Aleksander"]
[Black "Petrova, Irina"]
[WhiteFideId "1109057"]
[BlackFideId "14124122"]
[WhiteElo "2374"]
[BlackElo "1993"]
[Result "0-1"]
[Round "02"]
[TimeControl "180+1"]
[Date "2022.03.30"]
[WhiteClock "0:00:01"]
[BlackClock "0:00:40"]

1. e4 d6 2. d4 Nf6 3. Nc3 e5 4. Nf3 Nbd7 5. g4 d5 6. dxe5 Nxe4 7. Qxd5 Nxc3 8. bxc3 c6 9. Qd3 Qa5 10. Bf4 Nc5 11. Qe3 Bxg4 12. Rg1 Bxf3 13. Qxf3 Ne6 14. Bc4 Nxf4 15. Qxf4 Qxc3+ 16. Ke2 O-O-O 17. Bd3 g6 18. Rab1 Bg7 19. Qg4+ Kb8 20. f4 f6 21. Qe6 Rxd3 22. cxd3 Qc2+ 23. Ke3 Rd8 24. Rb3 fxe5 25. Rgb1 exf4+ 26. Kf3 Rxd3+ 27. Kg4 Qg2+ 28. Kxf4 Qf3+ 29. Kg5 Rd5+ 0-1


[Site "https://www.chess.com"]

[Event "Titled Tuesday Blitz March 29 Late 2022"]
[White "Hoffmann, Asa"]
[Black "Bilan, Danila"]
[WhiteFideId "2001470"]
[BlackFideId "24161918"]
[WhiteElo "2117"]
[BlackElo "2164"]
[Result "0-1"]
[Round "02"]
[TimeControl "180+1"]
[Date "2022.03.30"]
[WhiteClock "0:00:05"]
[BlackClock "0:00:14"]

1. d4 d5 2. Bg5 c5 3. dxc5 f6 4. Bh4 e5 5. e4 d4 6. Nf3 Nc6 7. Bc4 Bxc5 8. c3 Nh6 9. cxd4 Nxd4 10. Nxe5 Qa5+ 11. Nc3 fxe5 12. Qh5+ Kf8 13. O-O Be6 14. Bxe6 Nxe6 15. Qxe5 Re8 16. Nd5 Nf7 17. Qg3 Bd6 18. f4 Nc7 19. Rad1 Nxd5 20. Rxd5 Qb6+ 21. Kh1 Be7 22. Bxe7+ Rxe7 23. b3 g6 24. f5 Qa6 25. Rfd1 Kg7 26. Qc3+ Qf6 27. Qb4 Rhe8 28. R5d4 b6 29. h3 Ng5 30. Rd7 Nf7 31. R1d4 gxf5 32. exf5 Re1+ 33. Kh2 Qe5+ 34. Rf4 Re4 35. Qxe4 Qxe4 36. Rxe4 Rxe4 37. Rxa7 Kf6 38. g4 Rb4 39. Kg3 h6 40. Kf3 Ne5+ 41. Ke3 Rb5 42. Kd2 Rd5+ 43. Kc3 Rd6 44. a4 Nf3 45. b4 Ng5 46. h4 Ne4+ 47. Kc4 Nd2+ 48. Kb5 Nf3 49. g5+ hxg5 50. hxg5+ Nxg5 51. a5 bxa5 52. bxa5 Kxf5 53. Ra6 Rd5+ 54. Kb6 Ne6 55. Ra8 Ke5 56. a6 Rd6+ 57. Kb5 Nc7+ 58. Ka5 Nxa8 59. Kb5 Rb6+ 60. Ka5 Kd6 61. a7 Kc5 62. Ka4 Kc4 0-1


[Site "https://www.chess.com"]

[Event "Titled Tuesday Blitz March 29 Late 2022"]
[White "Horcajuelo Rocamora, Martin"]
[Black "Barria Zuniga, Daniel"]
[WhiteFideId "24573027"]
[BlackFideId "3400816"]
[WhiteElo "1706"]
[BlackElo "2414"]
[Result "0-1"]
[Round "02"]
[TimeControl "180+1"]
[Date "2022.03.30"]
[WhiteClock "0:00:04"]
[BlackClock "0:00:07"]

1. d4 g6 2. e4 Bg7 3. Nc3 c5 4. Be3 Qa5 5. Qd2 d6 6. Bb5+ Bd7 7. Bxd7+ Nxd7 8. Nge2 Ngf6 9. O-O O-O 10. h3 b5 11. a3 a6 12. f4 cxd4 13. Nxd4 Rac8 14. Rac1 Qc7 15. Qf2 Qb7 16. Qf3 Rc4 17. Nb3 Rxc3 18. bxc3 Qxe4 19. Nd4 Rc8 20. Bd2 Qxf3 21. Rxf3 Ne4 22. Be1 e6 23. Kh1 Nb6 24. Re3 d5 25. g4 Nc4 26. Rd3 Bh6 27. g5 Bf8 28. Kg2 Bxa3 29. Ra1 Kf8 30. Kf3 Ke8 31. h4 Kd7 32. h5 Kc7 33. hxg6 hxg6 34. Nb3 Kb7 35. Na5+ Nxa5 36. Rxa3 Nc4 37. Ra1 Nc5 38. Rd4 Ne4 39. Rd3 Kb6 40. Bf2+ Nxf2 41. Kxf2 Nd6 42. Rh3 Ne4+ 43. Kg2 Rxc3 44. Rxc3 Nxc3 45. Kf3 b4 46. Ke3 Kb5 47. Kd4 a5 48. Ke5 Ne4 49. Ra2 a4 50. Rb2 Kc4 51. Ra2 a3 52. Ra1 Kc3 53. Rb1 a2 54. Ra1 Kb2 0-1


[Site "https://www.chess.com"]

[Event "Titled Tuesday Blitz March 29 Late 2022"]
[White "Ilyasli, Ughur"]
[Black "Samarth, J Rao"]
[WhiteFideId "13416197"]
[BlackFideId "46652370"]
[WhiteElo "2045"]
[BlackElo "1514"]
[Result "1-0"]
[Round "02"]
[TimeControl "180+1"]
[Date "2022.03.30"]
[WhiteClock "0:00:24"]
[BlackClock "0:01:10"]

1. d4 d5 2. c4 e6 3. Nc3 c6 4. Nf3 Nf6 5. e3 Bd6 6. Bd3 O-O 7. b3 Nbd7 8. Bb2 Re8 9. Qc2 e5 10. dxe5 Nxe5 11. Nxe5 Bxe5 12. O-O-O dxc4 13. Bxh7+ Nxh7 14. Rxd8 Rxd8 15. bxc4 Be6 16. Ne4 Bxb2+ 17. Kxb2 f5 18. Nc5 Bf7 19. Rd1 b6 20. Nb7 Rxd1 21. Qxd1 Bxc4 22. Qd7 Bd5 23. f3 g6 24. e4 fxe4 25. fxe4 Nf8 26. Qg4 Be6 27. Qg5 Bf7 28. Nd8 Rc8 29. e5 Rc7 30. Nxf7 Rxf7 31. Kc3 Rf5 32. Qe7 Rf2 33. e6 Re2 34. Qf7+ Kh8 35. Qxf8+ Kh7 36. e7 Re3+ 37. Kd2 Re4 38. e8=Q Rd4+ 39. Kc3 Re4 40. Qh8# 1-0


[Site "https://www.chess.com"]

[Event "Titled Tuesday Blitz March 29 Late 2022"]
[White "Indjic, Aleksandar"]
[Black "Tregubov, Pavel V."]
[WhiteFideId "911925"]
[BlackFideId "4115341"]
[WhiteElo "2616"]
[BlackElo "2341"]
[Result "1-0"]
[Round "02"]
[TimeControl "180+1"]
[Date "2022.03.29"]
[WhiteClock "0:00:59"]
[BlackClock "0:00:11"]

1. d4 Nf6 2. c4 e6 3. Nc3 Bb4 4. Qc2 c5 5. dxc5 O-O 6. a3 Bxc5 7. Nf3 d5 8. Bg5 Be7 9. e3 Nc6 10. Rd1 h6 11. Bh4 Qa5 12. Bd3 dxc4 13. Bxc4 b6 14. O-O Bb7 15. Ba2 Rfd8 16. Bb1 g6 17. Bg3 Rac8 18. Rxd8+ Rxd8 19. h4 Qh5 20. Ne2 e5 21. Nc3 Ng4 22. Ba2 Bf8 23. b4 Bg7 24. Ne4 Ne7 25. Qc7 Bxe4 26. Qxd8+ Bf8 27. Qe8 Qf5 28. Nxe5 Nxe5 29. Bxe5 Bc6 30. Qb8 Qe4 31. f3 Qxe3+ 32. Kh1 Qe2 33. Ra1 Nf5 34. Qc7 Be7 35. Qxc6 Nxh4 36. Qe8+ 1-0


[Site "https://www.chess.com"]